 Dungeon Crawl Stone Soup version 0.31.0-32-g396128a36d (webtiles) character file.

Game seed: 3878722701978052961

2260 KittyFluff the Ruffian (level 9, -4/85 HPs)
             Began as a Troll Shapeshifter on Mar 31, 2024.
             Killed from afar by an electric eel (11 damage)
             ... with a bolt of electricity
             ... on level 7 of the Dungeon.
             The game lasted 00:26:09 (5478 turns).

KittyFluff the Ruffian (Troll Shapeshifter)         Turns: 5478, Time: 00:26:10

Health: -4/85      AC:  6    Str: 32    XL:     9   Next: 15%
Magic:  8/8        EV: 16    Int:  6    God:
Gold:   326        SH:  5    Dex: 11    Spells: 8/8 levels left

rFire   . .          .
                       - Unarmed
rCold   . . .        (no shield)
rNeg    + . .        V - +2 robe {rN+}
rPois   .            (helmet currently unavailable)
rElec   .            (cloak currently unavailable)
rCorr   .            (gloves unavailable)
SInv    .            (boots unavailable)
Will    .....        m - amulet of reflection
Stlth   +            e - +6 ring of strength
HPRegen 1.14/turn    O - +5 ring of evasion
MPRegen 0.11/turn

%: reflection
@: beast-form
A: beast (slay +3), large, unfitting armour, claws 3, regeneration 1, shaggy fur
1, tough skin 1
a: Begin Untransformation


You were on level 7 of the Dungeon.
You were a hulking beast.
You visited 1 branch of the dungeon, and saw 7 of its levels.
You also visited: Sewer.

You collected 326 gold pieces.

Inventory:

Hand Weapons
 s - a +0 sling
 v - a +2 quarterstaff of chaos
 y - a +2 flail of protection
 F - a +0 giant club
 P - a +3 orcbow
 T - a +0 quarterstaff
Missiles
 f - 21 poisoned darts
 g - 8 curare-tipped darts
 i - 54 stones (quivered)
 u - 3 large rocks
 B - 6 atropa-tipped darts
 N - 2 silver javelins
Armour
 w - a +1 cloak of preservation
 Q - an orb of energy
 V - a +2 robe of positive energy (worn)
Magical Staves
 k - a staff of alchemy
Jewellery
 a - a ring of flight
 e - a +6 ring of strength (left claw)
 m - an amulet of reflection (around neck)
 C - an amulet of magic regeneration
 O - a +5 ring of evasion (right claw)
Talismans
 c - a beast talisman
 d - a flux talisman
 q - a flux talisman
 E - a blade talisman
Wands
 R - a wand of paralysis (7)
Scrolls
 h - a scroll of noise {unknown}
 j - 2 scrolls of brand weapon {unknown}
 n - a scroll of amnesia {unknown}
 o - 3 scrolls of teleportation
 x - a scroll of revelation {unknown}
 z - a scroll of acquirement {unknown}
 A - a scroll of fog {unknown}
 D - a scroll of blinking {unknown}
 H - 2 scrolls of fear {unknown}
 J - 2 scrolls of summoning {unknown}
 U - 2 scrolls of enchant weapon {unknown}
Potions
 b - a potion of lignification
 l - 6 potions of curing {unknown}
 p - 2 potions of haste
 r - 2 potions of might
 t - 2 potions of attraction
 G - a potion of magic
 I - a potion of invisibility
 K - a potion of ambrosia
 L - 2 potions of mutation
 M - a potion of resistance
 S - a potion of brilliance
 W - a potion of cancellation {unknown}


   Skills:
 + Level 4.5 Fighting
 + Level 4.7 Throwing
 + Level 4.7 Dodging
 + Level 6.1 Unarmed Combat
 + Level 5.8 Shapeshifting


You had 8 spell levels left.
You didn't know any spells.
Your spell library contained the following spells:

 Spells                   Type           Power      Damage    Failure   Level
 Lesser Beckoning         Tloc           0%         N/A       58%         2
 Gell's Gravitas          Tloc           0%         N/A       83%         3
 Teleport Other           Tloc           0%         N/A       83%         3
 Volatile Blastmotes      Fire/Tloc      0%         2d10      83%         3
 Fulminant Prism          Conj/Alch      0%         3d5       99%         4
 Iskenderun's Mystic Bla  Conj/Tloc      0%         2d3       99%         4
 Vhi's Electric Charge    Tloc/Air       0%         N/A       99%         4
 Arcjolt                  Conj/Air       0%         1d10      100%        5
 Plasma Beam              Fire/Air       0%         2x1d10    100%        6


Dungeon Overview and Level Annotations

Branches:
Dungeon (7/15)              Sewer (visited)
 Temple: D:4-7

Altars:
Dithmenos
Elyvilon
Trog

Annotations:
D:7 2 transporters, brilapsti's ghost, novice AtWr


Innate Abilities, Weirdness & Mutations

You are a hulking beast.
Your limbs bulge with bestial killing power. (Slay +3)
You are too large for most types of armour.
You have claws for hands.
Your natural rate of healing is unusually fast.
You are covered in fur. (AC +1)
You have tough skin. (AC +1)


Message History

As you read the scroll of identify, it crumbles to dust.
S - a potion of brilliance
Found 13 gold pieces.
An electric eel comes into view.
The electric eel shoots out a bolt of lightning at you!
The bolt of electricity hits the plant!
The plant begins to die.
The bolt of electricity hits the plant!
The plant begins to die.
The bolt of electricity hits you! x2
You see here a fizzy sapphire potion.
An electric eel comes into view.
The electric eel shoots out a bolt of lightning at you!
The bolt of electricity hits you!
You see here 13 gold pieces.
You now have 326 gold pieces (gained 13).
The electric eel shoots out a bolt of lightning at you!
The bolt of electricity hits you!
The electric eel shoots out a bolt of lightning at you!
The bolt of electricity hits the plant!
The plant begins to die.
The bolt of electricity hits you!
A nearby plant withers and dies.
The electric eel shoots out a bolt of lightning at you!
The bolt of electricity hits the electric eel.
The electric eel completely resists.
The bolt of electricity hits you!
* * * LOW HITPOINT WARNING * * *
The electric eel shoots out a bolt of lightning at you!
The bolt of electricity hits you!
* * * LOW HITPOINT WARNING * * *
A nearby plant withers and dies.
The electric eel shoots out a bolt of lightning at you!
The bolt of electricity hits the electric eel.
The electric eel completely resists.
The bolt of electricity misses you.
You see here a fizzy sapphire potion.
W - a fizzy sapphire potion The electric eel shoots out a bolt of lightning at you!
The bolt of electricity hits the electric eel.
The electric eel completely resists.
The bolt of electricity hits you!
* * * LOW HITPOINT WARNING * * *
The electric eel shoots out a bolt of lightning at you!
The bolt of electricity hits you!
You die...

### ..# #.#
#.#########
#.........#
..###.###.########
.♣♣ ♣.♣ ♣.)......# ~
~~♣ ♣P~.♣#.#.# ♣
P♣P~~~P♣♣♣♣.♣h###
≈≈~≈≈♣P~~ ♣~♣...#
~≈≈≈≈≈≈≈~~♣ ~~♣.#.##
~~≈≈≈≈≈≈≈≈~~~~~♣♣S..#
≈≈≈≈≈≈≈~~P~~~S~..#
≈≈≈≈≈≈ ~~~~~~~..#
~P~~~~~♣## ~~~~~P♣#
P~~~♣~


You could see an electric eel.

Vanquished Creatures
  A hornet (D:7)
  A wyvern (D:6)
  Eustachio (D:4)
  Menkaure (D:4)
  An ice beast (D:5)
  3 ogres
  A centaur (D:5)
  5 kobold brigands
  A phantom (D:6)
  A bullfrog (D:6)
  A scorpion (D:6)
  The ghost of flammie80 the Trooper, a weakling FoMo (D:4)
  2 bombardier beetles
  A hound (D:6)
  A jelly (D:6)
  Crazy Yiuf (D:3)
  An orc priest (D:4)
  6 orc wizards
  Robin (D:3)
  A gnoll (D:1)
  12 adders
  4 river rats
  A white imp (D:6)
  7 dart slugs
  3 ribbon worms (D:4)
  13 orcs
  13 endoplasms
  6 giant cockroaches
  15 goblins
  8 hobgoblins
  5 quokkas
  12 ball pythons
  2 bats
  7 frilled lizards
  16 kobolds
  7 rats
163 creatures vanquished.

Notes
Turn   | Place    | Note
-------+----------+-------------------------------------------
     0 | D:1      | KittyFluff the Troll Shapeshifter began the quest for the
                  | Orb.
     0 | D:1      | Reached XP level 1. HP: 18/18 MP: 0/0
   143 | D:1      | Found a faded altar of an unknown god.
   190 | D:1      | Reached skill level 1 in Fighting
   190 | D:1      | Reached XP level 2. HP: 11/27 MP: 1/1
   376 | D:1      | Reached XP level 3. HP: 33/33 MP: 2/2
   685 | D:1      | Reached skill level 1 in Throwing
  1232 | D:2      | Reached XP level 4. HP: 41/41 MP: 3/3
  1835 | D:3      | Noticed Robin
  1841 | D:3      | Killed Robin
  1855 | D:3      | Reached XP level 5. HP: 49/49 MP: 4/4
  2069 | D:3      | Found a runed translucent door.
  2070 | D:3      | Noticed Crazy Yiuf
  2075 | D:3      | Killed Crazy Yiuf
  2681 | D:4      | Reached skill level 4 in Unarmed Combat
  2681 | D:4      | Reached XP level 6. HP: 30/57 MP: 5/5
  2827 | D:4      | Found a runed translucent door.
  2831 | D:4      | Noticed flammie80's ghost (weakling FoMo)
  2850 | D:4      | Killed flammie80's ghost
  2867 | D:4      | Found a runed translucent door.
  2908 | D:4      | Noticed Eustachio
  2914 | D:4      | Killed Eustachio
  3229 | D:4      | Noticed Menkaure
  3235 | D:4      | Killed Menkaure
  3236 | D:4      | Reached XP level 7. HP: 53/66 MP: 6/6
  3367 | D:5      | Entered Level 5 of the Dungeon
  3623 | D:5      | Found a glowing drain.
  3724 | Sewer    | Entered a sewer
  3796 | Sewer    | Reached skill level 5 in Unarmed Combat
  3806 | Sewer    | Reached XP level 8. HP: 62/75 MP: 7/7
  3887 | Sewer    | Reached skill level 5 in Shapeshifting
  4183 | D:5      | Found a white marble altar of Elyvilon.
  4464 | D:6      | Identified the +1 robe of Caisopp {*Corrode Dex+8 Slay-6
                  | Archmagi}
  5043 | D:6      | Reached skill level 6 in Unarmed Combat
  5043 | D:6      | Reached XP level 9. HP: 85/85 MP: 8/8
  5257 | D:6      | Found a shadowy altar of Dithmenos.
  5328 | D:7      | Found a bloodstained altar of Trog.
  5332 | D:7      | Found a transporter.
  5334 | D:7      | Found a transporter.
  5334 | D:7      | Noticed brilapsti's ghost (novice AtWr)
  5349 | D:7      | Noticed a moth of wrath
  5476 | D:7      | HP: 4/85 [electric eel/bolt of electricity (12)]
  5478 | D:7      | Killed from afar by an electric eel

Illustrated notes

Levels and vault maps discovered:
D:1:      dpeg_arrival_snail, layout_basic,
          hellmonk_ecumenical_altar_leap_of_faith
D:2:      layout_loops_ring
D:3:      layout_loops_ring, uniq_robin, uniq_crazy_yiuf_cottage
D:4:      nicolae_cairo_tiling_very_big, layout_layer_cave,
          ebering_ghost_sewer_f, uniq_menkaure, uniq_eustachio
D:5:      layout_loops_ring, mainiacjoe_overflow_alcove_1,
          cheibrodos_sewer_entry_sluice
D:6:      layout_basic, mainiacjoe_overflow_24_doors, kennysheep_generic_room_16
D:7:      layout_loops_cross, nicolae_wu_jian_immortal_techniques,
          minmay_temple_entry_grid, serial_bayou, serial_bayou_pond_c,
          serial_bayou_pond_e, serial_bayou_pond_e, serial_bayou_lake_a,
          gammafunk_ghost_wrathful_warriors

Skill      XL: |  1  2  3  4  5  6  7  8 |
---------------+-------------------------+-----
Fighting       | 1 2 3 4 |  4.5
Dodging        | 2 3 4 |  4.7
Throwing       | 1 2 3 4 |  4.7
Unarmed Combat | 4 5 6 |  6.1
Shapeshifting  | 4 5 |  5.8

Action                     |  1- 3 |  4- 6 |  7- 9 || total
---------------------------+-------+-------+-------++-------
  Melee: Unarmed           |    70 |   161 |   160 ||   391
         Punch             |       |     1 |     4 ||     5
  Throw: Stone             |     6 |       |    18 ||    24
    Use: Scroll            |       |     1 |    10 ||    11
 Armour: Animal skin       |    38 |    89 |    70 ||   197
         Robe              |       |       |    12 ||    12
  Dodge: Dodged            |    29 |    56 |    57 ||   142
  Block: Other             |     4 |    23 |    31 ||    58
         Reflection        |       |     2 |     2 ||     4
